 Dungeon Crawl Stone Soup version 0.31.0-9-g3a7656b989 (webtiles) character file.

Game seed: 17464403214105941122

385 qw the Skirmisher (level 6, -7/35 HPs)
             Began as a Deep Elf Hunter on Feb 2, 2024.
             Mangled by an ogre
             ... wielding a +0 giant club
              (14 damage)
             ... on level 5 of the Dungeon.
             The game lasted 00:00:11 (3023 turns).

qw the Skirmisher (Deep Elf Hunter)                 Turns: 3023, Time: 00:00:11

Health: -7/35      AC: 10    Str: 10    XL:     6   Next: 48%
Magic:  8/8        EV:  9    Int: 14    God:
Gold:   180        SH:  0    Dex: 18    Spells: 5/5 levels left

rFire   . . .        a - +1 shortbow
rCold   . . .        (shield currently unavailable)
rNeg    . . .        b - +0 scale mail
rPois   .            (no helmet)
rElec   .            g - +0 cloak
rCorr   .            f - +2 pair of gloves
SInv    .            (no boots)
Will    .....        (no amulet)
Stlth   +            (no ring)
HPRegen 0.25/turn    (no ring)
MPRegen 0.11/turn

%: no passive effects
@: about to teleport
A: sense surroundings 1
a: no special abilities


You were on level 5 of the Dungeon.
You visited 1 branch of the dungeon, and saw 5 of its levels.

You collected 208 gold pieces.
You spent 28 gold pieces at shops.


Innate Abilities, Weirdness & Mutations

You passively map a small area around you.


   Skills:
 - Level 2.0 Fighting
 + Level 9.7 Ranged Weapons
 - Level 1.4 Armour
 - Level 2.4 Dodging
 - Level 1.2 Stealth


You had 5 spell levels left.
You didn't know any spells.
Your spell library was empty.

Inventory:

Hand Weapons
 a - a +1 shortbow (weapon)
Armour
 b - a +0 scale mail (worn)
 f - a +2 pair of gloves (worn)
 g - a +0 cloak (worn)
Scrolls
 h - a scroll of fog {unknown}
Potions
 d - a potion of haste
 e - 2 potions of curing
 i - a potion of cancellation
 j - a potion of ambrosia {unknown}
 k - a potion of mutation
 m - a potion of heal wounds
 n - a potion of might {unknown}
 o - a potion of experience {unknown}

Dungeon Overview and Level Annotations

Branches:
Dungeon (5/15)
 Temple: D:4-7

Altars:

Shops:
D:1 ?


Message History

The ice beast hits you but does no damage.
The ice beast misses you.
You shoot an arrow. The arrow closely misses the ice beast.
The ice beast barely misses you.
You shoot an arrow. The arrow hits the ice beast.
The ice beast is severely wounded.
The ice beast hits you but does no damage.
You shoot an arrow. The arrow hits the ice beast.
The ice beast is severely wounded.
The ice beast completely misses you.
The ice beast hits you but does no damage.
You shoot an arrow. The arrow hits the ice beast!
You kill the ice beast!
You start resting.
HP restored.
c - a scroll of teleportation
d - a potion of haste
Found a chain mail.
Found an escape hatch in the ceiling.
h - a scroll labelled LIESUNN RYEW An ogre comes into view.
It is wielding a +0 giant club.
The ogre shouts!
You shoot an arrow. The arrow hits the ogre.
The ogre is lightly wounded.
You shoot an arrow. The arrow barely misses the ogre.
You shoot an arrow. The arrow hits the ogre.
The ogre is moderately wounded.
You shoot an arrow. The arrow hits the ogre!
The ogre is heavily wounded.
The ogre hits you with a +0 giant club!
You shoot an arrow. The arrow hits the ogre.
The ogre is severely wounded.
You shoot an arrow. The arrow barely misses the ogre.
The ogre hits you with a +0 giant club!!
Ouch! That really hurt!
3023 ||| READING scroll of teleportation.
As you read the scroll of teleportation, it crumbles to dust.
You feel strangely unstable. The ogre hits you with a +0 giant club!
You die...

.......#..#* ##.......##...#
.###..####.#*#..#.....#.####
####..# *#..<##.......##
..##..# ..###.......#
....... ,###........# *
#####..# * #......#.# * *
##..#* ##....###..
..##.######.### ##.
#.........@## * ##
*##....######O# *
.###^....#* #.#* #.........
##. * ##........ .,
##........ #. *** #.........
. , #.....###. * .. , *
.....## , , *


You could see an ogre.

Vanquished Creatures
  An ice beast (D:5)
  An ogre (D:4)
  A bombardier beetle (D:5)
  A jelly (D:4)
  3 adders
  2 dart slugs (D:2)
  2 ribbon worms
  3 orcs (D:4)
  12 endoplasms
  4 giant cockroaches
  16 goblins
  9 hobgoblins
  8 jackals
  2 quokkas (D:3)
  6 ball pythons
  9 bats
  3 frilled lizards
  6 kobolds
  7 rats
96 creatures vanquished.

Notes
Turn   | Place    | Note
-------+----------+-------------------------------------------
     0 | D:1      | qw the Deep Elf Hunter began the quest for the Orb.
     0 | D:1      | Reached XP level 1. HP: 12/12 MP: 3/3
     0 | D:1      | 0 ||| qw: Version: 0.3-a-155-g5e7d8dd
     0 | D:1      | 0 ||| qw: Game counter: 1607
     0 | D:1      | 0 ||| qw: Melee chars always use a shield: true
     0 | D:1      | 0 ||| qw: God list: Okawaru
     0 | D:1      | 0 ||| qw: Allow faded altars: false
     0 | D:1      | 0 ||| qw: Do Orc after clearing Dungeon:15 true
     0 | D:1      | 0 ||| qw: Do second Lair branch before Depths: true
     0 | D:1      | 0 ||| qw: Lair rune preference: random
     0 | D:1      | 0 ||| qw: Goals: Normal
     0 | D:1      | 0 ||| PLANNING D:1-11
    77 | D:1      | Reached skill level 6 in Ranged Weapons
    77 | D:1      | Reached XP level 2. HP: 16/16 MP: 4/4
   398 | D:1      | Found Bysaihec's Magic Scroll Boutique.
   405 | D:1      | 405 ||| SHOPLISTING scroll of enchant weapon (105 gold,
                  | have 31).
   405 | D:1      | 405 ||| BUYING scroll of identify (28 gold).
   405 | D:1      | Bought a scroll of identify for 28 gold pieces
   471 | D:1      | Reached XP level 3. HP: 20/20 MP: 5/5
   739 | D:1      | 739 ||| READING scroll of identify.
   739 | D:1      | 739 ||| IDENTIFYING dark potion
   740 | D:1      | 740 ||| READING scroll labelled IQABOJUTHROSTO.
   741 | D:1      | 741 ||| READING scroll labelled VIOLU GYCOMPU.
   741 | D:1      | 741 ||| ENCHANTING +0 shortbow.
   742 | D:1      | 742 ||| DRINKING 2 lumpy orange potions.
   743 | D:1      | 743 ||| DROPPING scroll of butterflies.
   851 | D:2      | HP: 2/20 [ribbon worm (6)]
   852 | D:2      | 852 ||| DRINKING potion of heal wounds.
  1009 | D:2      | Reached skill level 7 in Ranged Weapons
  1085 | D:2      | Reached XP level 4. HP: 25/25 MP: 6/6
  1198 | D:2      | 1198 ||| FLEEEEING.
  1199 | D:2      | 1199 ||| FLEEEEING.
  1328 | D:2      | 1328 ||| UPGRADING to +0 pair of gloves.
  1333 | D:2      | 1333 ||| UPGRADING to +0 helmet.
  1338 | D:2      | 1338 ||| READING scroll of identify.
  1338 | D:2      | 1338 ||| IDENTIFYING metallic red potion
  1339 | D:2      | 1339 ||| READING scroll labelled ELOWURONOMN.
  1340 | D:2      | 1340 ||| READING scroll labelled JONTUCUKHLA.
  1441 | D:2      | 1441 ||| READING scroll labelled UNTO ITIPEKH.
  1442 | D:2      | 1442 ||| READING scroll labelled KIOM VOUCKI.
  2137 | D:3      | 2137 ||| UPGRADING to +0 scale mail.
  2147 | D:3      | 2147 ||| DROPPING +0 leather armour.
  2148 | D:3      | 2148 ||| UPGRADING to +0 cloak.
  2153 | D:3      | 2153 ||| READING scroll of identify.
  2153 | D:3      | 2153 ||| IDENTIFYING blue potion
  2154 | D:3      | 2154 ||| READING scroll labelled NEWIMAI YHAS.
  2157 | D:3      | 2157 ||| DRINKING 3 fuming grey potions.
  2157 | D:3      | Gained mutation: You have a pair of small horns on your
                  | head. [potion of mutation]
  2157 | D:3      | Gained mutation: You occasionally lose the ability to drink
                  | potions when taking damage. [potion of mutation]
  2158 | D:3      | 2158 ||| DROPPING +0 helmet.
  2159 | D:3      | 2159 ||| DRINKING 2 potions of mutation.
  2159 | D:3      | Lost mutation: You occasionally lose the ability to drink
                  | potions when taking damage. [potion of mutation]
  2159 | D:3      | Lost mutation: You have a pair of small horns on your head.
                  | [potion of mutation]
  2159 | D:3      | Gained mutation: You passively map a small area around you.
                  | [potion of mutation]
  2160 | D:3      | 2160 ||| DROPPING potion of attraction.
  2230 | D:4      | Reached skill level 8 in Ranged Weapons
  2328 | D:4      | Reached skill level 1 in Armour
  2328 | D:4      | Reached XP level 5. HP: 29/29 MP: 7/7
  2663 | D:4      | Noticed an ogre
  2664 | D:4      | 2664 ||| DRINKING potion of haste.
  2669 | D:4      | Killed an ogre
  2670 | D:4      | Reached skill level 9 in Ranged Weapons
  2830 | D:4      | 2830 ||| READING scroll of identify.
  2830 | D:4      | 2830 ||| IDENTIFYING bubbling amethyst potion
  2831 | D:4      | 2831 ||| READING 2 scrolls labelled RUUS COJICZE.
  2831 | D:4      | 2831 ||| ENCHANTING +0 pair of gloves.
  2832 | D:4      | 2832 ||| READING scroll of enchant armour.
  2832 | D:4      | 2832 ||| ENCHANTING +1 pair of gloves.
  2833 | D:4      | 2833 ||| READING scroll labelled JEDOTT HOMUGIQ.
  2834 | D:4      | 2834 ||| READING 2 scrolls labelled OGUNO IMIO.
  2835 | D:4      | 2835 ||| DROPPING scroll of amnesia.
  2877 | D:5      | Entered Level 5 of the Dungeon
  2882 | D:5      | Reached XP level 6. HP: 35/35 MP: 8/8
  2883 | D:5      | Noticed an ice beast
  2900 | D:5      | Killed an ice beast
  3022 | D:5      | HP: 7/35 [ogre/+0 giant club (19)]
  3023 | D:5      | 3023 ||| READING scroll of teleportation.
  3023 | D:5      | Mangled by an ogre

Levels and vault maps discovered:
D:1:      denvon_arrival_planthouse, layout_basic, serial_shops,
          nicolae_shop_rolling_square, minmay_small_reverse_x
D:2:      layout_basic, minmay_box_of_dots
D:3:      layout_loops_ring
D:4:      cheibrodos_greedy_goblins, layout_loops_ring, grunt_decor_cap
D:5:      layout_layer_cave, uniq_duvessa

Skill      XL: |  1  2  3  4  5 |
---------------+----------------+-----
Ranged Weapons | 6 7 8 9 |  9.7
Armour         | 1 |  1.4
Fighting       | 2 |  2.0
Dodging        | |  2.4
Stealth        | |  1.2

Action                     |  1- 3 |  4- 6 || total
---------------------------+-------+-------++-------
   Fire: Shortbow          |    94 |   149 ||   243
    Use: Scroll            |     3 |    13 ||    16
         Potion            |     2 |     3 ||     5
 Armour: Leather armour    |    17 |    15 ||    32
         Scale mail        |       |    23 ||    23
  Dodge: Dodged            |    33 |    32 ||    65

Table legend:
 A = Non-vault XP
 B = Vault XP
 C = Vault XP percentage of total XP
 D = Non-vault monster count
 E = Vault monster count
 F = Vault count percentage of total count
                 A         B        C        D         E       F
            +---------+---------+-------+---------+---------+-------
      Total |     515 |      36 |   6.5 |      77 |      19 |  19.8
            +---------+---------+-------+---------+---------+-------
        D:1 |      36 |       7 |  16.3 |      22 |       4 |  15.4
        D:2 |      57 |       7 |  10.9 |      19 |       3 |  13.6
        D:3 |      42 |       0 |   0.0 |      22 |       0 |   0.0
        D:4 |     200 |      22 |   9.9 |      12 |      12 |  50.0
        D:5 |     180 |       0 |   0.0 |       2 |       0 |   0.0
            +---------+---------+-------+---------+---------+-------
